[Event "Titled Tuesday Blitz November 07 Early 2023"]
[White "Jesseinkman"]
[Black "ChessDojo"]
[WhiteElo "2433"]
[BlackElo "2131"]
[Result "1-0"]
[Round "2"]
[TimeControl "180+1"]
[Date "2023.11.07"]
[WhiteClock "0:00:12"]
[BlackClock "0:01:13"]
[Board "235"]

1. e4 e5 2. Nf3 Nc6 3. Bb5 Nf6 4. O-O Nxe4 5. Re1 Nd6 6. Bxc6 dxc6 7. Nxe5 Be7 8. d4 O-O 9. c3 Bf6 10. Bf4 Re8 11. Nd2 Bf5 12. h3 c5 13. Qf3 cxd4 14. cxd4 Bg6 15. Rac1 c6 16. d5 cxd5 17. Qxd5 Nf5 18. Qxd8 Raxd8 19. Nxg6 hxg6 20. Rxe8+ Rxe8 21. Rc7 Bxb2 22. Rxb7 Bd4 23. Nf3 Bb6 24. Rb8 Rxb8 25. Bxb8 Nd4 26. Ne5 Ne2+ 27. Kf1 Nc3 28. a3 Bc5 29. Nc4 Nb5 30. a4 Nc3 31. a5 Kf8 32. Ne5 Ke7 33. a6 Nd5 34. Bxa7 Bxa7 35. Nc6+ Kd6 36. Nxa7 Nb4 37. Nb5+ Kc6 38. a7 Kb7 39. Nd6+ Kxa7 40. Nxf7 Nd5 41. Ne5 Ne7 42. Ke2 Kb7 43. Ke3 Kc7 44. Ke4 Kd6 45. f4 Ke6 46. g4 Kf6 47. Nd7+ Ke6 48. Ne5 Kf6 49. h4 Ke6 50. Nxg6 Ng8 51. f5+ Kf7 52. g5 Ke8 53. Ke5 Kf7 54. Kd6 Ke8 55. Ke6 Kd8 56. Kf7 Nf6 57. gxf6 gxf6 58. Kxf6 Ke8 59. h5 Kd7 60. h6 1-0


[Site "https://www.chess.com"]

[Event "Titled Tuesday Blitz November 07 Early 2023"]
[White "Tworuszka, Michal"]
[Black "DonCiao"]
[WhiteFideId "1117858"]
[WhiteElo "2433"]
[BlackElo "2131"]
[Result "1-0"]
[Round "2"]
[TimeControl "180+1"]
[Date "2023.11.07"]
[WhiteClock "0:00:10"]
[BlackClock "0:00:00"]
[Board "236"]

1. e4 c5 2. Nf3 Nc6 3. d4 cxd4 4. Nxd4 Nf6 5. Nc3 e5 6. Ndb5 d6 7. Nd5 Nxd5 8. exd5 Nb8 9. a4 Be7 10. Be2 O-O 11. Bd2 f5 12. O-O a6 13. Na3 Nd7 14. Nc4 Nf6 15. Bb4 e4 16. a5 Rb8 17. Nb6 Bd7 18. c4 Be8 19. Rc1 f4 20. f3 Bg6 21. Qd4 e3 22. Rfd1 Nd7 23. Nxd7 Qxd7 24. c5 Bf6 25. c6 Bxd4 26. cxd7 Be5 27. Rc7 Bf5 28. b3 Rfd8 29. Rdc1 Bxd7 30. Bd3 Be8 31. Kf1 Rd7 32. Bf5 1-0


[Site "https://www.chess.com"]

[Event "Titled Tuesday Blitz November 07 Early 2023"]
[White "Feliz Dotel, Dewar Bienvenido"]
[Black "Kovalevsky, Stanislav"]
[WhiteFideId "6402801"]
[BlackFideId "13508598"]
[WhiteElo "2123"]
[BlackElo "2432"]
[Result "0-1"]
[Round "2"]
[TimeControl "180+1"]
[Date "2023.11.07"]
[WhiteClock "0:00:00"]
[BlackClock "0:00:12"]
[Board "237"]

1. d4 d5 2. e3 c5 3. dxc5 e5 4. b4 a5 5. c3 axb4 6. cxb4 Nc6 7. Bb5 Nf6 8. Nf3 e4 9. Nd4 Bd7 10. Bxc6 bxc6 11. O-O Qc7 12. a4 Ng4 13. g3 Ne5 14. Nc3 h5 15. b5 h4 16. bxc6 Bxc6 17. Ncb5 Bxb5 18. Nxb5 Qd7 19. c6 Qxc6 20. Bb2 Nf3+ 21. Kg2 hxg3 22. Rh1 gxh2 23. Qxd5 Qxd5 24. Nc7+ Kd8 25. Nxd5 Rh6 26. Bd4 Rg6+ 27. Kf1 Rg1+ 28. Ke2 Rxh1 29. Rxh1 Rxa4 30. Nc3 Nxd4+ 31. exd4 Rxd4 32. Rxh2 f5 33. Rh5 g6 34. Rh8 Ke7 35. Rh7+ Ke6 36. Nb5 Rb4 37. Nc7+ Ke5 38. Rf7 Bd6 39. Ne8 Bc5 40. Nf6 Rb2+ 41. Ke1 Ke6 42. Nxe4 Kxf7 43. Nxc5 Ra2 44. Kf1 Kf6 45. Nd3 Kg5 46. Kg2 Kg4 47. Ne5+ Kh5 48. Nd3 g5 49. Kf1 Rd2 50. Ne5 Rd5 51. Nf3 g4 52. Ne1 f4 53. Ng2 Kg5 54. Ke2 f3+ 55. Kf1 fxg2+ 56. Kxg2 Kf4 57. Kg1 Rd2 58. Kg2 g3 0-1


[Site "https://www.chess.com"]

[Event "Titled Tuesday Blitz November 07 Early 2023"]
[White "Polaczek, Richard"]
[Black "Gaikwad, Siddhant"]
[WhiteFideId "200026"]
[BlackFideId "25010239"]
[WhiteElo "2431"]
[BlackElo "2113"]
[Result "1-0"]
[Round "2"]
[TimeControl "180+1"]
[Date "2023.11.07"]
[WhiteClock "0:00:21"]
[BlackClock "0:00:06"]
[Board "238"]

1. d4 Nf6 2. Bg5 g6 3. Bxf6 exf6 4. c4 Bg7 5. Nc3 O-O 6. e3 f5 7. g3 Re8 8. Bg2 c5 9. Nge2 f4 10. gxf4 cxd4 11. Nxd4 Nc6 12. Nde2 g5 13. fxg5 Qxg5 14. O-O b6 15. Nd5 Bb7 16. Ng3 Rac8 17. Rb1 Re6 18. f4 Qh4 19. Nf5 Qd8 20. Rf3 Rg6 21. Rg3 Kh8 22. Qh5 Na5 23. b3 Bxd5 24. Bxd5 Qf6 25. Re1 Rg8 26. Kf2 Bf8 27. Reg1 Qb2+ 28. Kf3 Qf6 29. Rg5 Bc5 30. R1g3 Qa1 31. Qxh7+ Kxh7 32. Rh5+ Rh6 33. Rxh6# 1-0


[Site "https://www.chess.com"]

[Event "Titled Tuesday Blitz November 07 Early 2023"]
[White "Flis, Pawel"]
[Black "Shuvalov, Evgenij"]
[WhiteFideId "1112864"]
[BlackFideId "4187237"]
[WhiteElo "2110"]
[BlackElo "2431"]
[Result "0-1"]
[Round "2"]
[TimeControl "180+1"]
[Date "2023.11.07"]
[WhiteClock "0:00:00"]
[BlackClock "0:00:46"]
[Board "239"]

1. e4 e6 2. d4 d5 3. Nc3 Bb4 4. e5 c5 5. a3 Bxc3+ 6. bxc3 Ne7 7. a4 Nbc6 8. Nf3 Qa5 9. Bd2 Bd7 10. Bd3 c4 11. Be2 f6 12. exf6 gxf6 13. O-O O-O-O 14. Qb1 Nf5 15. Qb5 Nd6 16. Qxa5 Nxa5 17. Rfe1 Ne4 18. g3 h5 19. h4 Be8 20. Ra3 Rd6 21. Bf4 Rb6 22. Nd2 Bg6 23. Nxe4 Bxe4 24. Ra2 Bg6 25. Bf3 Kd7 26. Re2 Rb1+ 27. Kg2 Rc8 28. g4 hxg4 29. Bxg4 Rc6 30. h5 Be4+ 31. f3 Bh7 32. h6 Bg6 33. Rf2 Re1 34. Rf1 Rxf1 35. Kxf1 Rb6 36. Kf2 Rb1 37. Ra3 Bxc2 38. Ra2 Bg6 39. Re2 f5 40. Bh3 Nb3 41. Kg3 Rg1+ 42. Kh4 a5 43. Bh2 Rh1 44. Kg5 Bh7 45. Kf6 Nc1 46. Rg2 f4 0-1


[Site "https://www.chess.com"]

[Event "Titled Tuesday Blitz November 07 Early 2023"]
[White "Rios Escobar, Adan"]
[Black "Osiecki, Stanislaw"]
[WhiteFideId "3403645"]
[BlackFideId "1102990"]
[WhiteElo "2428"]
[BlackElo "2105"]
[Result "1-0"]
[Round "2"]
[TimeControl "180+1"]
[Date "2023.11.07"]
[WhiteClock "0:00:14"]
[BlackClock "0:00:00"]
[Board "240"]

1. Nf3 Nf6 2. e3 d5 3. c4 dxc4 4. Bxc4 e6 5. O-O Be7 6. Nc3 O-O 7. b3 b6 8. Bb2 Bb7 9. Rc1 Nc6 10. a3 Na5 11. Be2 c5 12. d4 cxd4 13. Nxd4 Nd5 14. Bf3 Nxc3 15. Rxc3 Bxf3 16. Qxf3 Rc8 17. Rfc1 Rxc3 18. Rxc3 Qd7 19. b4 Nb7 20. g3 Rc8 21. Rxc8+ Qxc8 22. Nb5 a6 23. Qg4 f6 24. Nd4 Nd8 25. h4 Bf8 26. h5 f5 27. Qg5 Nf7 28. Qf4 Bd6 29. Qf3 Ne5 30. Qe2 Nc4 31. Bc1 b5 32. h6 gxh6 33. Qh5 Bf8 34. g4 Nd6 35. Bb2 Qe8 36. Qxe8 Nxe8 37. gxf5 exf5 38. Nxf5 Nc7 39. e4 Ne6 40. Be5 Ng5 41. Ng3 h5 42. Kg2 h4 43. f4 Nf7 44. Nf5 1-0


[Site "https://www.chess.com"]

[Event "Titled Tuesday Blitz November 07 Early 2023"]
[White "Maluco_do_Natal_00"]
[Black "Molina Carretero, Daniel"]
[BlackFideId "32071914"]
[WhiteElo "2105"]
[BlackElo "2428"]
[Result "1-0"]
[Round "2"]
[TimeControl "180+1"]
[Date "2023.11.07"]
[WhiteClock "0:00:10"]
[BlackClock "0:00:59"]
[Board "241"]

1. e4 c6 2. d4 d5 3. Nc3 dxe4 4. Nxe4 Nf6 5. Nxf6+ exf6 6. c3 Bd6 7. Qc2 Qe7+ 8. Be3 O-O 9. Bd3 h5 10. Ne2 Nd7 11. O-O-O b5 12. Ng3 Nb6 13. Rhe1 h4 14. Bg5 Be6 15. Bxh4 Qc7 16. Nf5 Bf4+ 17. Kb1 Nc4 18. Bg3 Bxg3 19. hxg3 Rfe8 20. Rh1 Qa5 21. Bxc4 bxc4 22. Ne7+ Kf8 23. Nxc6 Qb6 24. d5 Bxd5 25. Rh8# 1-0


[Site "https://www.chess.com"]

[Event "Titled Tuesday Blitz November 07 Early 2023"]
[White "WindWhistler11"]
[Black "Yushko, Olga"]
[BlackFideId "14114500"]
[WhiteElo "2427"]
[BlackElo "2083"]
[Result "1-0"]
[Round "2"]
[TimeControl "180+1"]
[Date "2023.11.07"]
[WhiteClock "0:01:39"]
[BlackClock "0:00:00"]
[Board "242"]

1. Nf3 e6 2. c4 f5 3. g3 Nf6 4. Bg2 Be7 5. O-O O-O 6. Nc3 d6 7. d3 e5 8. e3 Qe8 9. b4 a5 10. Nb5 Bd8 11. bxa5 Nc6 12. a4 Bd7 13. Ba3 Rxa5 14. Qb3 Kh8 15. Bb2 e4 16. Nfd4 Nxd4 17. exd4 exd3 18. Qxd3 Ne4 19. Rfe1 Bxb5 20. axb5 Rxa1 21. Bxa1 Qf7 22. Bxe4 fxe4 23. Qc2 d5 24. cxd5 Qxd5 25. Qxe4 Qxb5 26. d5 Qa5 27. Bd4 1-0


[Site "https://www.chess.com"]

[Event "Titled Tuesday Blitz November 07 Early 2023"]
[White "Dahlgren, James Allen"]
[Black "Gu, Xiaobing"]
[WhiteFideId "22256873"]
[BlackFideId "8602611"]
[WhiteElo "2068"]
[BlackElo "2424"]
[Result "0-1"]
[Round "2"]
[TimeControl "180+1"]
[Date "2023.11.07"]
[WhiteClock "0:00:50"]
[BlackClock "0:00:31"]
[Board "243"]

1. d3 Nf6 2. f4 d5 3. Nf3 d4 4. g3 c5 5. Bg2 Nc6 6. O-O g6 7. e4 h5 8. c4 Bg7 9. h3 a6 10. a3 b5 11. Nbd2 Rb8 12. e5 Nd7 13. e6 fxe6 14. Nh4 Bb7 15. Nxg6 Rh7 16. Ne4 bxc4 17. Ng5 Nf6 18. Nxh7 Nxh7 19. Qxh5 Nf6 20. Qg5 cxd3 21. Ne5 Nxe5 22. fxe5 Bxg2 23. Qxg7 Bxf1 24. exf6 Bxh3 25. f7+ Kd7 26. Bf4 Qh8 27. Qxh8 Rxh8 28. Bh6 Bg4 29. f8=Q Rxf8 30. Bxf8 d2 31. Kf2 d1=Q 32. Rxd1 Bxd1 33. Bg7 Kd6 34. Ke1 Bg4 35. Kd2 e5 36. Kd3 Kd5 37. Bf8 e4+ 38. Kd2 e5 39. b4 c4 40. a4 e3+ 41. Ke1 d3 42. b5 d2+ 0-1


[Site "https://www.chess.com"]

[Event "Titled Tuesday Blitz November 07 Early 2023"]
[White "LangesNasenhaar"]
[Black "Djordjevic, Dejan N"]
[BlackFideId "913316"]
[WhiteElo "2417"]
[BlackElo "2065"]
[Result "1-0"]
[Round "2"]
[TimeControl "180+1"]
[Date "2023.11.07"]
[WhiteClock "0:00:41"]
[BlackClock "0:00:00"]
[Board "244"]

1. Nf3 Nf6 2. g3 g6 3. Bg2 Bg7 4. O-O d6 5. d4 O-O 6. b3 c6 7. c4 a5 8. Nc3 Bd7 9. Bb2 Qc8 10. Re1 Na6 11. e4 Bg4 12. e5 Ne8 13. Qd2 h6 14. a3 Rb8 15. Na4 b5 16. cxb5 cxb5 17. Rac1 Qd8 18. Nc3 d5 19. a4 Nec7 20. h3 Be6 21. Nh4 Nb4 22. f4 Qd7 23. Kh2 Rfc8 24. g4 bxa4 25. Nxa4 Nca6 26. Bc3 Na2 27. Rc2 Nxc3 28. Rxc3 Rxc3 29. Qxc3 Qb5 30. f5 gxf5 31. gxf5 Bd7 32. Re3 e6 33. f6 Bf8 34. Rg3+ Kh8 35. Qf3 1-0


[Site "https://www.chess.com"]

[Event "Titled Tuesday Blitz November 07 Early 2023"]
[White "Marcziter, Dmitrii"]
[Black "Winkels, Marcel"]
[WhiteFideId "13900765"]
[BlackFideId "1003887"]
[WhiteElo "2415"]
[BlackElo "2060"]
[Result "0-1"]
[Round "2"]
[TimeControl "180+1"]
[Date "2023.11.07"]
[WhiteClock "0:00:00"]
[BlackClock "0:00:06"]
[Board "245"]

1. d4 Nf6 2. c4 g6 3. Nf3 Bg7 4. g3 c6 5. Bg2 d5 6. O-O O-O 7. b3 a5 8. Bb2 a4 9. Nbd2 a3 10. Bc1 Bf5 11. Nb1 Na6 12. Bxa3 Re8 13. Nbd2 b5 14. cxb5 cxb5 15. Rc1 b4 16. Bb2 Nc7 17. Ra1 Nb5 18. a4 Nc3 19. Qe1 Nfe4 20. Nh4 Bg4 21. Nhf3 Bf5 22. e3 Rc8 23. Nh4 Bg4 24. f3 Nxd2 25. Qxd2 Bd7 26. Rfc1 g5 27. Bxc3 bxc3 28. Rxc3 gxh4 29. gxh4 e5 30. Rxc8 Qxc8 31. Rc1 Qb7 32. dxe5 Qxb3 33. f4 Be6 34. a5 Qb5 35. Bf1 Qb7 36. a6 Qa7 37. Qd4 Qxd4 38. exd4 Bh6 39. a7 Bxf4 40. Rb1 Be3+ 41. Kg2 Bxd4 42. Rb8 Bxa7 43. Rxe8+ Kg7 44. Ra8 Bd4 45. Bd3 Bxe5 46. Kf3 d4 47. Rd8 Bf6 48. h5 Bxd8 49. Ke4 Bb6 50. h4 Ba7 51. h6+ Kf6 52. Kf4 Bd5 53. Bxh7 d3 54. Bxd3 Bb8+ 55. Kg4 Be5 56. h7 Ke6 0-1


[Site "https://www.chess.com"]

[Event "Titled Tuesday Blitz November 07 Early 2023"]
[White "Castillo Pena, Patricia Evarista"]
[Black "Azali, Tannaz"]
[WhiteFideId "6412106"]
[BlackFideId "12537721"]
[WhiteElo "2054"]
[BlackElo "2414"]
[Result "0-1"]
[Round "2"]
[TimeControl "180+1"]
[Date "2023.11.07"]
[WhiteClock "0:00:00"]
[BlackClock "0:00:14"]
[Board "246"]

1. d4 Nf6 2. Nf3 e6 3. e3 c5 4. Bd3 d5 5. b3 Bd6 6. Bb2 O-O 7. O-O b6 8. Nbd2 Bb7 9. Qe2 Nbd7 10. Rfd1 Re8 11. Ne5 Qc7 12. f4 Ne4 13. Bb5 Bxe5 14. fxe5 Nxd2 15. Rxd2 a6 16. Bd3 Rf8 17. Rf1 b5 18. c4 bxc4 19. bxc4 Nb6 20. cxd5 c4 21. Bb1 exd5 22. Qh5 g6 23. Qg4 Bc8 24. Qg3 Qe7 25. Rdf2 Na4 26. e4 Nxb2 27. Rxb2 Be6 28. exd5 Bxd5 29. Rbf2 Rac8 30. Bc2 c3 31. Qf4 Bxa2 32. Qh6 Bc4 33. Rf6 Bxf1 34. Kxf1 Qd7 35. h4 Qxd4 36. h5 Qxe5 0-1


[Site "https://www.chess.com"]

[Event "Titled Tuesday Blitz November 07 Early 2023"]
[White "Xie, Bryan"]
[Black "Freeeeeeeeeeeeeeeeee"]
[WhiteFideId "30941296"]
[WhiteElo "2411"]
[BlackElo "2023"]
[Result "1-0"]
[Round "2"]
[TimeControl "180+1"]
[Date "2023.11.07"]
[WhiteClock "0:01:17"]
[BlackClock "0:00:12"]
[Board "247"]

1. e4 e5 2. Nf3 Nc6 3. Bc4 Nf6 4. d3 Be7 5. O-O O-O 6. a4 d6 7. c3 h6 8. Re1 Bg4 9. Nbd2 a5 10. Nf1 Re8 11. Ne3 Be6 12. Bxe6 fxe6 13. Qb3 Qd7 14. Nh4 Nxe4 15. Nhf5 Nc5 16. Nxe7+ Qxe7 17. Qc4 Qf7 18. d4 exd4 19. cxd4 Ne4 20. f3 Nf6 21. Bd2 e5 22. d5 Nd4 23. Bc3 c5 24. dxc6 Nxc6 25. Rad1 Rad8 26. Qxf7+ Kxf7 27. Nc4 Re6 28. Bxa5 d5 29. Bxd8 dxc4 30. Bxf6 gxf6 31. Rd7+ Re7 32. Red1 Nd4 33. Rxe7+ Kxe7 34. Kf2 Kd6 35. Ke3 Kc5 36. f4 Kb4 37. fxe5 fxe5 38. Ke4 Kb3 39. Kxe5 Nc2 40. Rd7 b6 41. Rb7 Kxb2 42. Rxb6+ Kc3 43. a5 Nb4 44. a6 Nxa6 45. Rxa6 Kd2 46. Rxh6 c3 47. Rc6 c2 48. h4 c1=Q 49. Rxc1 Kxc1 50. h5 Kd2 51. h6 Ke3 52. h7 Kf2 53. h8=Q Kg1 54. Qh3 Kf1 55. Kf4 Kf2 56. Qe3+ Kf1 57. g4 Kg2 58. g5 Kh1 59. Qe2 Kg1 60. Kg3 Kh1 61. Qg2# 1-0


[Site "https://www.chess.com"]

[Event "Titled Tuesday Blitz November 07 Early 2023"]
[White "abelmat"]
[Black "Urquhart, Ed"]
[BlackFideId "2603748"]
[WhiteElo "1978"]
[BlackElo "2411"]
[Result "0-1"]
[Round "2"]
[TimeControl "180+1"]
[Date "2023.11.07"]
[WhiteClock "0:00:05"]
[BlackClock "0:00:19"]
[Board "248"]

1. d4 Nf6 2. c4 e6 3. Nf3 Nc6 4. Nc3 Bb4 5. Bd2 O-O 6. g3 d6 7. Bg2 e5 8. d5 Nb8 9. h3 a5 10. O-O Nbd7 11. a3 Bxc3 12. Bxc3 a4 13. Nd2 Nc5 14. Qc2 b6 15. Kh2 Qe7 16. e4 h6 17. Rae1 Nh7 18. f4 f6 19. f5 Ba6 20. Bf3 b5 21. Bb4 bxc4 22. Bxc5 dxc5 23. Nxc4 Rfb8 24. Rf2 Ng5 25. Bg2 Nf7 26. Bf3 Nd6 27. Ne3 c4 28. Qxa4 c3 29. bxc3 Bd3 30. Qd1 Bxe4 31. Ng4 Bxf3 32. Qxf3 Rxa3 33. Qe3 Rbb3 34. Nxh6+ gxh6 35. Qxh6 Qg7 36. Qh5 Rxc3 37. Rg1 Qg5 38. Qe2 Re3 39. Qb2 Rab3 40. Qa2 Rxg3 41. Qa8+ Kh7 42. Rfg2 Rxh3# 0-1


[Site "https://www.chess.com"]

[Event "Titled Tuesday Blitz November 07 Early 2023"]
[White "Matveeva, Olga"]
[Black "Mirza, Diana"]
[WhiteFideId "24107018"]
[BlackFideId "2503999"]
[WhiteElo "2409"]
[BlackElo "1961"]
[Result "1-0"]
[Round "2"]
[TimeControl "180+1"]
[Date "2023.11.07"]
[WhiteClock "0:01:00"]
[BlackClock "0:00:13"]
[Board "249"]

1. d4 Nf6 2. c4 g6 3. g3 Bg7 4. Bg2 O-O 5. Nc3 d6 6. Nf3 Nbd7 7. O-O e5 8. e4 exd4 9. Nxd4 a5 10. Re1 Nc5 11. h3 Bd7 12. Ndb5 Qc8 13. Kh2 Bc6 14. Bf4 Nh5 15. Be3 f5 16. Bxc5 dxc5 17. e5 Bxg2 18. Kxg2 f4 19. Qd5+ Kh8 20. Qxc5 f3+ 21. Kh2 Qf5 22. Qe3 Rae8 23. e6 Re7 24. Nd5 Ree8 25. Nbxc7 Bxb2 26. Nxe8 Bxa1 27. Rxa1 Rxe8 28. Re1 Ng7 29. e7 Qf7 30. Nc7 Nf5 31. Qe5+ Kg8 32. Nxe8 Qxe8 33. Qe6+ Kg7 34. Qd5 Nxe7 35. Qxb7 Kf8 36. c5 Qf7 37. c6 Qd5 38. Qxe7+ 1-0


[Site "https://www.chess.com"]

[Event "Titled Tuesday Blitz November 07 Early 2023"]
[White "Gyulamiryan-koryun"]
[Black "lagunanivaria"]
[WhiteElo "1892"]
[BlackElo "2409"]
[Result "0-1"]
[Round "2"]
[TimeControl "180+1"]
[Date "2023.11.07"]
[WhiteClock "0:00:00"]
[BlackClock "0:01:54"]
[Board "250"]

1. e4 c6 2. Nc3 d5 3. Nf3 Bg4 4. h3 Bxf3 5. Qxf3 Nf6 6. e5 Nfd7 7. d4 e6 8. Bd2 c5 9. Nb5 Nc6 10. c3 a6 11. Nd6+ Bxd6 12. exd6 cxd4 13. Qg4 Qf6 14. Be2 d3 15. Bxd3 Nde5 16. Qe2 Nxd3+ 17. Qxd3 Qe5+ 18. Kf1 Qxd6 19. Re1 O-O 20. g3 e5 21. Kg2 Rad8 22. Bg5 f6 23. Bc1 Rfe8 24. Qf5 Qe6 25. Qh5 Qf7 26. Qg4 d4 27. cxd4 Nxd4 28. h4 Qd5+ 29. Kh3 Qd7 30. f4 Qxg4+ 31. Kxg4 f5+ 32. Kh3 e4 0-1


[Site "https://www.chess.com"]

[Event "Titled Tuesday Blitz November 07 Early 2023"]
[White "katharinareinecke"]
[Black "Ladan, Nicholas"]
[BlackFideId "30918855"]
[WhiteElo "1883"]
[BlackElo "2406"]
[Result "0-1"]
[Round "2"]
[TimeControl "180+1"]
[Date "2023.11.07"]
[WhiteClock "0:00:15"]
[BlackClock "0:01:26"]
[Board "251"]

1. d4 b6 2. c4 Bb7 3. Nf3 e6 4. g3 Nf6 5. Bg2 Bb4+ 6. Bd2 Be7 7. O-O O-O 8. Nc3 Ne4 9. Nxe4 Bxe4 10. Rc1 f5 11. a3 Qc8 12. b4 Qb7 13. Nh4 Bxh4 14. Bxe4 Qxe4 15. gxh4 Qxh4 16. f3 Rf6 17. Be1 Rg6+ 18. Kh1 Qh3 19. Rg1 Rxg1+ 20. Kxg1 Nc6 21. d5 Ne5 22. dxe6 dxe6 23. c5 Ng6 24. Qd4 Qh6 25. Rc4 Qg5+ 26. Kf1 b5 27. Rc2 Nf4 28. Bg3 Nd5 29. f4 Qf6 30. Qxf6 gxf6 31. Kf2 c6 32. e3 Kf7 33. Ke2 a5 34. bxa5 Rxa5 35. Ra2 Nc3+ 36. Kd3 Nxa2 0-1


[Site "https://www.chess.com"]

[Event "Titled Tuesday Blitz November 07 Early 2023"]
[White "Carlsen, Magnus"]
[Black "Weetik, Vjacheslav"]
[WhiteFideId "1503014"]
[BlackFideId "4153472"]
[WhiteElo "3269"]
[BlackElo "2784"]
[Result "1-0"]
[Round "3"]
[TimeControl "180+1"]
[Date "2023.11.07"]
[WhiteClock "0:01:16"]
[BlackClock "0:00:00"]
[Board "1"]

1. b4 d5 2. Bb2 Bg4 3. f3 Bh5 4. e4 dxe4 5. Qe2 c6 6. Nc3 Nd7 7. Nxe4 e6 8. h4 Ngf6 9. Nxf6+ Nxf6 10. O-O-O h6 11. Nh3 Qc7 12. g4 Bg6 13. f4 O-O-O 14. a3 a5 15. h5 Bh7 16. g5 Nd5 17. g6 Bg8 18. b5 fxg6 19. hxg6 Bd6 20. Bg2 Kb8 21. bxc6 Qxc6 22. c4 Rc8 23. Kb1 Qb6 24. cxd5 Bxa3 25. Qe5+ Ka8 26. Rc1 Rd8 27. Qc3 Bb4 28. Qc7 1-0


[Site "https://www.chess.com"]

[Event "Titled Tuesday Blitz November 07 Early 2023"]
[White "Nihal Sarin"]
[Black "Saydaliev, Saidakbar"]
[WhiteFideId "25092340"]
[BlackFideId "14203693"]
[WhiteElo "3111"]
[BlackElo "2780"]
[Result "1-0"]
[Round "3"]
[TimeControl "180+1"]
[Date "2023.11.07"]
[WhiteClock "0:00:36"]
[BlackClock "0:00:00"]
[Board "2"]

1. a3 e5 2. c4 Nf6 3. d3 c6 4. Nf3 Bd6 5. Nc3 O-O 6. g4 Re8 7. g5 Nh5 8. Ne4 Bf8 9. c5 d5 10. cxd6 Bf5 11. e3 g6 12. Nfd2 Bxd6 13. Be2 Be7 14. Bxh5 gxh5 15. Qxh5 Qxd3 16. Nf6+ Bxf6 17. gxf6 Kh8 18. Qxf7 Rg8 19. Qc4 Nd7 20. Qxd3 Bxd3 21. b4 Raf8 22. Bb2 Rxf6 23. f4 Rg2 24. O-O-O c5 25. Nf3 c4 26. Nxe5 c3 27. Bxc3 Nxe5 28. Bxe5 1-0


[Site "https://www.chess.com"]

[Event "Titled Tuesday Blitz November 07 Early 2023"]
[White "Paravyan, David"]
[Black "Liyanage, Ranindu Dilshan"]
[WhiteFideId "4194985"]
[BlackFideId "9915834"]
[WhiteElo "3078"]
[BlackElo "2778"]
[Result "1/2-1/2"]
[Round "3"]
[TimeControl "180+1"]
[Date "2023.11.07"]
[WhiteClock "0:01:46"]
[BlackClock "0:01:09"]
[Board "3"]

1. e4 c5 2. Nf3 Nc6 3. Bb5 g6 4. O-O Bg7 5. Re1 Nf6 6. e5 Nd5 7. Nc3 Nc7 8. Bxc6 dxc6 9. h3 b6 10. d3 Ne6 11. a4 a5 12. Ne4 O-O 13. Be3 f6 14. exf6 exf6 15. Ned2 Nc7 16. Nc4 Nd5 17. Bd2 Ba6 18. Qe2 Re8 19. Qxe8+ Qxe8 20. Rxe8+ Rxe8 21. b3 f5 22. Re1 Rxe1+ 23. Bxe1 Bxc4 24. dxc4 Nb4 25. Bxb4 cxb4 26. c5 bxc5 27. Nd2 Be5 28. Nc4 Bc7 29. Kf1 Kf7 30. Ke2 Ke6 31. Kd3 Kd5 32. g3 g5 33. g4 f4 34. f3 h6 35. Nd2 Bd8 36. Ne4 Be7 37. Nd2 Bd8 38. Nc4 Bc7 39. Nd2 Bd8 1/2-1/2


[Site "https://www.chess.com"]

[Event "Titled Tuesday Blitz November 07 Early 2023"]
[White "Pakleza, Zbigniew"]
[Black "Firouzja, Alireza"]
[WhiteFideId "1119290"]
[BlackFideId "12573981"]
[WhiteElo "2773"]
[BlackElo "3075"]
[Result "0-1"]
[Round "3"]
[TimeControl "180+1"]
[Date "2023.11.07"]
[WhiteClock "0:00:00"]
[BlackClock "0:00:24"]
[Board "4"]

1. d4 a6 2. Nf3 c6 3. Bf4 g6 4. e3 Bg7 5. c4 Nh6 6. Nc3 O-O 7. Be2 f6 8. h3 Nf7 9. O-O d6 10. Bh2 e5 11. Rc1 Qe7 12. b4 Rd8 13. Qb3 Nd7 14. Rfd1 Nf8 15. a4 a5 16. b5 e4 17. Nd2 f5 18. Rb1 g5 19. bxc6 bxc6 20. Bf1 Ng6 21. Qa3 h5 22. Rb6 Bd7 23. Rb7 g4 24. hxg4 hxg4 25. Rdb1 Bf6 26. Rc7 Nf8 27. d5 c5 28. Rbb7 Rab8 29. Nb5 Rxb7 30. Rxb7 Be5 31. Bxe5 Qxe5 32. Qc3 Qxc3 33. Nxc3 Ra8 34. Ndb1 Kg7 35. Na3 Kf6 36. Nab5 Ke7 37. Ne2 Ng6 38. Nc7 Rh8 39. Ne6 Nge5 40. N2f4 Kf6 41. Be2 Bxa4 42. Ra7 Bb3 43. Rxa5 Bxc4 44. Bxc4 Nxc4 45. Ra7 Nce5 46. Rc7 g3 47. fxg3 Ng4 48. Rc6 Ra8 49. Kf1 Ra1+ 50. Ke2 Ra2+ 51. Ke1 Nxe3 52. Nxc5 Nxg2+ 53. Nxg2 Rxg2 54. Nd7+ Kg5 55. Rc7 Rxg3 56. Nb6 Ne5 57. Nc8 Nd3+ 58. Ke2 Nf4+ 59. Kf2 Rf3+ 60. Kg1 e3 61. Re7 e2 0-1


[Site "https://www.chess.com"]

[Event "Titled Tuesday Blitz November 07 Early 2023"]
[White "Duda, Jan-Krzysztof"]
[Black "Samunenkov, Ihor"]
[WhiteFideId "1170546"]
[BlackFideId "14187086"]
[WhiteElo "3074"]
[BlackElo "2771"]
[Result "1-0"]
[Round "3"]
[TimeControl "180+1"]
[Date "2023.11.07"]
[WhiteClock "0:00:30"]
[BlackClock "0:00:00"]
[Board "5"]

1. Nf3 d5 2. g3 c5 3. Bg2 Nc6 4. d4 Nf6 5. O-O e6 6. a3 a6 7. dxc5 Bxc5 8. b4 Ba7 9. Bb2 b5 10. e4 O-O 11. exd5 exd5 12. Nbd2 Ne4 13. Nb3 Bg4 14. Qc1 Qd7 15. Nfd4 Nxd4 16. Bxd4 Be2 17. Re1 Bc4 18. Bxa7 Qxa7 19. Bxe4 dxe4 20. Rxe4 Bd5 21. Re5 Rad8 22. Qf4 Qa8 23. Nd4 Qc8 24. Nf5 Qc3 25. Rae1 f6 26. Ne7+ Kh8 27. Nxd5 Rxd5 28. Rxd5 Qxe1+ 29. Kg2 h6 30. c4 bxc4 31. Qxc4 Re8 32. Rd4 Qe6 33. Qxe6 Rxe6 34. Kf3 Kh7 35. h4 h5 36. a4 Kg6 37. b5 axb5 38. axb5 Rb6 39. Rd5 Rb7 40. Ke4 Rb8 41. Kd4 f5 42. Rd6+ Kf7 43. b6 g6 44. Kc5 1-0


[Site "https://www.chess.com"]

[Event "Titled Tuesday Blitz November 07 Early 2023"]
[White "Goltsev, Dmitry"]
[Black "Bluebaum, Matthias"]
[WhiteFideId "24176710"]
[BlackFideId "24651516"]
[WhiteElo "2760"]
[BlackElo "3068"]
[Result "0-1"]
[Round "3"]
[TimeControl "180+1"]
[Date "2023.11.07"]
[WhiteClock "0:01:38"]
[BlackClock "0:01:58"]
[Board "6"]

1. e4 e6 2. d4 d5 3. exd5 exd5 4. Nf3 Nc6 5. c4 Bb4+ 6. Nc3 Nge7 7. a3 Bxc3+ 8. bxc3 O-O 9. Bd3 dxc4 10. Bxc4 Nd5 11. O-O Nxc3 12. Qd3 Nd5 13. Bg5 Qd6 14. Rfe1 Be6 15. Ne5 f6 16. Nxc6 bxc6 17. Bxd5 Bxd5 18. Bh4 Rfe8 19. Bg3 Qd7 20. Qc3 h5 21. Rxe8+ Rxe8 22. Re1 Rb8 23. h4 Qg4 24. Qc5 Rb3 25. Qxa7 Kh7 26. Qxc7 Qxd4 27. Re7 Qg4 28. a4 Rb1+ 29. Kh2 Rh1+ 30. Kxh1 Qh3+ 31. Kg1 Qxg2# 0-1


[Site "https://www.chess.com"]

[Event "Titled Tuesday Blitz November 07 Early 2023"]
[White "Pranav, V"]
[Black "Mindlin, Alon"]
[WhiteFideId "25060783"]
[BlackFideId "2800071"]
[WhiteElo "3057"]
[BlackElo "2758"]
[Result "1-0"]
[Round "3"]
[TimeControl "180+1"]
[Date "2023.11.07"]
[WhiteClock "0:00:08"]
[BlackClock "0:00:42"]
[Board "7"]

1. e4 e5 2. Nf3 Nc6 3. Bb5 a6 4. Ba4 Nf6 5. O-O Be7 6. d3 b5 7. Bb3 d6 8. c3 O-O 9. a4 b4 10. a5 Rb8 11. Ba4 Bd7 12. Bg5 Ng4 13. Bxe7 Nxe7 14. Nbd2 bxc3 15. bxc3 Nf6 16. Re1 Ng6 17. d4 Qe7 18. Nf1 Rb2 19. Ne3 Be6 20. Qd3 Ra8 21. g3 h6 22. Bc6 Ra7 23. Rab1 Ra2 24. Nf5 Qf8 25. dxe5 dxe5 26. Qe3 Ra8 27. Bxa8 Qxa8 28. Qc5 Bxf5 29. exf5 Nf4 30. gxf4 Qxf3 31. Qe3 Qh5 32. fxe5 Ng4 33. Qg3 Nxf2 34. Rf1 Ne4 35. Qf4 Ng5 36. Kh1 Qe2 37. Rg1 Nf3 38. Rb8+ Kh7 39. Rxg7+ Kxg7 40. f6+ Kg6 41. Rg8+ Kh7 42. Rg7+ Kh8 43. Qxh6# 1-0


[Site "https://www.chess.com"]